Map: Blackpink LE

Players

IagoAbreu - Winner!

  • Race: Zerg Zerg
  • League: Silver
  • Spawn Location: 7:00

dokero

  • Race: Terran Terran
  • Spawn Location: 1:00

VOD

Have the link to the VOD?

Description

Time

  • Played on: March 5, 2018, 1:12 p.m.
  • Length: 19:00
Show
View Real Time Build Order
Export as new Build Order

IagoAbreu Zerg - Winner!

Build Orders: Pool First 

Get SALT Encoding   

  12  0:08  Overlord  
  12  0:13  Drone  
  13  0:17  Drone  
  14  0:26  Overlord  
  14  0:44  Spawning Pool  
  14  0:47  Drone  
  14  0:51  Drone  
  14  0:55  Drone  
  16  1:02  Extractor  
  15  1:10  Evolution Chamber  
  14  1:11  Drone  
  14  1:15  Drone  
  16  1:23  Drone  
  17  1:32  Queen  
  17  1:35  Zergling x2  
  20  1:52  Drone  
  21  1:56  Drone  
  22  2:02  Extractor  
  22  2:06  Drone  
  22  2:21  Hatchery  
  21  2:25  Drone  
  22  2:32  Metabolic Boost  
  22  2:52  Zergling x8  
  22  2:53  Zergling x4  
  22  2:57  Zerg Melee Weapons Level 1  
  28  3:27  Drone  
  28  3:28  Drone  
  28  3:29  Overlord x3  
  30  4:09  Drone x3  
  33  4:12  Queen  
  33  4:15  Lair  
  35  4:43  Drone x3  
  38  4:48  Zergling x10  
  38  4:49  Zergling x2  
  44  5:00  Zerg Ground Armor Level 1  
  37  5:48  Roach Warren  
  36  5:53  Baneling Nest  
  36  5:55  Hydralisk Den  
  34  6:01  Spire  
  33  6:08  Nydus Network  
  33  6:24  Hydralisk x4  
  33  6:25  Hydralisk  
  33  6:27  Zergling x10  
  33  6:28  Zergling x8  
  33  6:29  Roach, Zergling x2  
  33  6:30  Zergling x2  
  33  7:08  Nydus Canal  
  33  7:26  Zergling x10  
  33  7:29  Overlord x3  
  33  8:20  Hydralisk x4  
  33  8:21  Hydralisk x3  
  33  8:22  Zergling x4  
  33  8:23  Zergling x2  
  33  9:38  Grooved Spines  
  33  9:41  Glial Reconstitution  
  33  9:54  Zerg Melee Weapons Level 2  
  33  10:52  Muscular Augments  
  33  12:26  Zergling x12  
  33  12:27  Zergling x2  
  33  12:29  Overlord x4  
  33  12:31  Overlord  
  33  12:39  Tunneling Claws  
  33  13:30  Burrow  
  33  13:37  Centrifical Hooks  
  33  13:43  Baneling x6  
  33  13:44  Baneling x3  
  33  13:45  Baneling  
  33  13:46  Baneling x2  
  33  13:49  Baneling x2  
  33  13:53  Roach x3  
  33  13:54  Roach, Zergling x10  
  33  13:55  Zergling x6  
  33  14:39  Ravager  
  33  14:45  Roach x4  
  33  15:36  Baneling x4  
  33  15:37  Baneling x3  
  33  15:38  Baneling x2  
  33  15:39  Baneling x3  
  33  15:40  Baneling x2  
  33  15:42  Zergling x4  
  33  15:43  Zergling x12  
  33  15:44  Zergling x8  
  33  17:25  Ravager x3  
  33  17:26  Ravager  
  33  17:34  Baneling  
Show
View Real Time Build Order
Export as new Build Order

dokero Terran 

Build Orders:  

Get SALT Encoding   

  12  0:02  SCV  
  13  0:18  Supply Depot  
  13  0:20  SCV  
  14  0:27  Refinery  
  14  0:42  Barracks  
  14  0:45  SCV  
  15  0:57  SCV  
  15  1:01  Barracks  
  16  1:09  SCV  
  17  1:21  SCV  
  18  1:30  Barracks Reactor  
  18  1:33  Supply Depot  
  18  1:41  Refinery  
  18  1:49  Barracks Tech Lab  
  18  2:09  Marine x2, Factory  
  18  2:12  Marauder  
  18  2:15  SCV  
  23  2:26  Marine  
  23  2:27  Marine, SCV  
  26  2:41  Marine  
  27  2:44  Marine x2  
  29  2:55  Starport  
  29  3:12  Supply Depot  
  29  3:22  Marine x2  
  31  3:27  Barracks Reactor  
  31  3:34  Siege Tank  
  34  3:36  Starport Tech Lab  
  34  3:44  Armory  
  34  3:45  SCV  
  35  3:50  Marine  
  35  3:51  Marine  
  37  3:59  Medivac  
  39  4:06  Supply Depot  
  39  4:29  Medivac  
  39  4:30  Marine x2  
  43  4:33  Supply Depot  
  43  4:39  Hellbat  
  45  4:56  Factory  
  45  5:02  Orbital Command  
  45  5:43  Factory Reactor  
  45  5:45  Hellbat  
  47  6:06  Hellbat  
Tags
 
League
Silver
Matchup
TvZ
Opening
Pool First
Spawn Locations
Cross Positions
Add a new tag
Caveats
  • Supply blocks, unpowered buildings, or Contaminate may cause inaccurate times.
  • Supply counts are checked every 10 seconds.